 Dungeon Crawl Stone Soup version 0.28.0-49-g6dfe1f597d (webtiles) character file.

Game seed: 260792711563965031

18 Peloso the Skirmisher (level 2, -4/27 HPs)
             Began as a Minotaur Fighter on May 15, 2022.
             Killed from afar by a white imp (10 damage)
             ... with a puff of frost
             ... summoned by Natasha
             ... on level 2 of the Dungeon.
             The game lasted 00:01:05 (872 turns).

Peloso the Skirmisher (Minotaur Fighter)             Turns: 872, Time: 00:01:15

Health: -4/27      AC:  7    Str: 20    XL:     2   Next: 48%
Magic:  1/1        EV:  9    Int:  5    God:
Gold:   74         SH:  4    Dex:  9    Spells: 1/1 levels left

rFire   . . .      SeeInvis .   a - +0 long sword
rCold   . . .      Faith    .   c - +0 buckler
rNeg    . . .      Spirit   .   b - +0 scale mail
rPois   .          Reflect  .   (helmet restricted)
rElec   .          Harm     .   (no cloak)
rCorr   .          Rampage  .   (no gloves)
Will    .....                   (no boots)
Stlth   ..........              (no amulet)
HPRegen 0.09/turn               (no ring)
MPRegen 0.07/turn               (no ring)

@: slowed, very slow
A: horns 2, retaliatory headbutt
a: no special abilities


You were on level 2 of the Dungeon.
You visited 1 branch of the dungeon, and saw 2 of its levels.

You collected 74 gold pieces.

Inventory:

Hand Weapons
 a - a +0 long sword (weapon)
Armour
 b - a +0 scale mail (worn)
 c - a +0 buckler (worn)
Scrolls
 f - a scroll of teleportation {unknown}
 g - a scroll of holy word {unknown}
Potions
 d - a potion of might
 e - 2 potions of curing
 h - a potion of resistance {unknown}


   Skills:
 + Level 4.0 Fighting
 + Level 2.7 Long Blades
 + Level 4.0 Armour
 + Level 3.9 Shields


You had one spell level left.
You didn't know any spells.
Your spell library was empty.

Dungeon Overview and Level Annotations

Branches:
Dungeon (2/15)

Altars:

Annotations:
D:2 Natasha


Innate Abilities, Weirdness & Mutations

You have a pair of horns on your head.
You reflexively headbutt those who attack you in melee.


Message History

A ball python comes into view.
A ball python is nearby!
A ball python is nearby!
The ball python hisses angrily.
You block the ball python's attack. x2
The ball python bites you but does no damage.
The ball python barely misses you.
You hit the ball python.
You kill the ball python!
Your Armour skill increases to level 4!
You see here a ball python corpse.
Natasha, Servant of Life and Death comes into view.
Natasha hisses angrily.
Natasha is nearby!
Natasha is nearby!
Natasha claws you but does no damage.
You barely miss Natasha.
Natasha stares at you and mumbles some strange words.
You feel yourself slow down.
You slash Natasha!
Natasha is heavily wounded.
Natasha mumbles some strange words.
Natasha claws you but does no damage.
You hit Natasha. Your headbutt misses Natasha.
Natasha is heavily wounded.
Natasha claws you. x2; Natasha drinks a potion.
Natasha flickers and vanishes!
Deactivating autopickup; reactivate with Ctrl-A.
You closely miss something. Something completely misses you.
You hear some strange, mumbled words.
You closely miss something. The white imp barely misses you.
The crimson imp puffs mist at you. Something claws you.
You barely miss something. Your headbutt misses something.
The crimson imp blinks!
The white imp hits you. The white imp freezes you. Something claws you!
* * * LOW HITPOINT WARNING * * *
Something claws you but does no damage. The white imp gestures at you.
The puff of frost hits you!
You die...

#####.###
#.......#
#.###.#.#
#.###.#.#
#.##..#.#
#.##†##.#
##.##.##.#
#5.......#
#@########
#{# #§#
#.# #5#
#.# ..#
###


You could see a crimson imp (summoned) and a white imp (summoned).

Vanquished Creatures
  2 bats (D:2)
  3 endoplasms (D:1)
  A giant cockroach (D:1)
  A hobgoblin (D:2)
  A kobold (D:1)
  3 quokkas
  2 ball pythons (D:2)
  A frilled lizard (D:1)
  A goblin (D:1)
15 creatures vanquished.

Notes
Turn   | Place    | Note
-------+----------+-------------------------------------------
     0 | D:1      | Peloso the Minotaur Fighter began the quest for the Orb.
     0 | D:1      | Reached XP level 1. HP: 19/19 MP: 0/0
   407 | D:1      | Reached XP level 2. HP: 27/27 MP: 1/1
   495 | D:1      | Found a faded altar of an unknown god.
   865 | D:2      | Noticed Natasha
   869 | D:2      | Noticed a crimson imp
   872 | D:2      | Killed from afar by a white imp

Illustrated notes

Levels and vault maps discovered:
D:1:      mrwooster_arrival_statue, layout_loops_ring,
          shapermc_ecumenical_altar_notcrosses
D:2:      layout_loops_cross, basic_altar, uniq_natasha

Skill      XL: |  1  2 |
---------------+-------+-----
Fighting       | 4 |  4.0
Armour         | 4 |  4.0
Long Blades    | |  2.7
Shields        | |  3.9

Action                   || total
-------------------------++-------
Melee: Long sword        ||    34
       Headbutt          ||     3
  Use: Potion            ||     1
Armor: Scale mail        ||    24
Dodge: Dodged            ||    10
Block: Buckler           ||     9
